Unix NetHack Version 5.0.0-0 post-release - last build May 23 2026 06:08:33 (1c0ff79ee797540d5714e4e18072db0edd9e58ae,branch:main).

Game began 2026-05-28 20:13:32, ended 2026-05-28 21:11:02.

Arakanox, chaotic female elven Priestess

                                ------------
                                |.........`+#
                                |.......<..|##                 |
                                |....`.....| #           ......|
                                |...........###   #....>........
                                |...........##       -----------
                              ##-..........|
                           #  # -------.----
                    #####)######
                    # ------ ##
       ----..-      #|.....|
       |..!..+    ###......|
       |.d...|    ###|.....|
       |..@u.|    #   .....|
       |..C..|#####    ....|
       |.....-#        -----
       -------

Arakanox the Acolyte         St:10 Dx:14 Co:14 In:12 Wi:17 Ch:10  Chaotic
Dlvl:7  $:173 HP:0(24) Pw:16(27) AC:6  Xp:3 T:1872 

Latest messages:
 In what direction? 1
 The horse seems more amiable.
 Your horse devours a clove of garlic.
 What do you want to use or apply? [ijqsHJL or ?*] q
 In what direction? 8
 You slip the leash around your horse.
 You swap places with your horse.
 The door opens.
 The horse hits the rothe.
 The horse bites the rothe.
 What do you want to write with? [- amv-xP or ?*] -
 You write in the dust with your fingertip.
 What do you want to write in the dust here? Elbereth
 The horse hits the rothe.
 The horse misses the rothe.
 Something is written here in the dust.
 You read: "Elbereth".
 You see no objects here.
 The plains centaur shoots a crossbow bolt!
 You are hit by a crossbow bolt.
 The horse hits the rothe.
 The horse misses the rothe.
 The rothe misses the horse.
 The rothe misses the horse.
 The rothe bites the horse.
 There is nothing here to pick up.
 The plains centaur turns to flee.
 The horse misses the rothe.
 The horse bites the rothe.
 The rothe misses the horse.
 The rothe bites the horse.
 The rothe bites the horse.
 The rothe turns to flee.
 The horse misses the rothe.
 The horse bites the rothe.
 You already found a monster.  Use 'm' prefix to force another search.
 The horse hits the rothe.
 The rothe is killed!
 Your little dog eats a rothe corpse.
 The horse misses the plains centaur.
 The horse misses the plains centaur.
 The horse hits the plains centaur.
 The horse misses the plains centaur.
 You already found a monster.  Use 'm' prefix to force another search.
 The plains centaur swings her crossbow.
 The plains centaur hits!
 The plains centaur kicks!
 You die...
 Do you want your possessions identified? [ynq] (y) y
 Do you want to see your attributes? [ynq] (y) q

Inventory:
 Coins    ('$')
  $ - 173 gold pieces
 Weapons  (')')
  P - a +0 crossbow bolt
  a - 8 +0 shuriken
  w - a blessed +1 mace (weapon in right hand)
 Armor    ('[')
  C - a blessed +0 orcish helm (being worn)
  F - a +0 small shield (being worn)
  B - a +0 robe (being worn)
 Comestibles  ('%')
  j - a cream pie
  f - a sprig of wolfsbane
  k - a tripe ration
 Scrolls  ('?')
  O - 4 scrolls of blank paper
  I - a scroll of remove curse
 Spellbooks  ('+')
  J - a spellbook of healing
  L - a spellbook of magic mapping
 Potions  ('!')
  N - a potion of healing
  M - a potion of invisibility
  K - a potion of sickness
 Rings    ('=')
  v - a ring of warning
 Tools    ('(')
  i - a wooden harp
  q - a leash (attached to your horse)
  H - a cursed magic lamp
  s - a skeleton key
 Gems/Stones  ('*')
  m - a worthless piece of black glass
  x - a worthless piece of orange glass

Arakanox the Priestess's attributes:

Background:
 You were an Acolyte, a level 3 elven Priestess.
 You were chaotic, nominally on a mission for Anhur
 who was opposed by Ptah (lawful) and Thoth (neutral).
 You were right-handed.
 You were in the Dungeons of Doom, on level 7.
 You entered the dungeon 1872 turns ago.
 You had 74 experience points, 6 more were needed to attain level 4.

Basics:
 You had 0 out of 24 hit points.
 You had 16 out of 27 energy points (spell power).
 Your armor class was 6.
 Your wallet contained 173 zorkmids.
 Autopickup was off.

Final Characteristics:
 Your strength was 10 (limit:18).
 Your dexterity was 14 (limit:18).
 Your constitution was 14 (limit:16).
 Your intelligence was 12 (limit:20).
 Your wisdom was 17 (limit:20).
 Your charisma was 10 (limit:18).

Final Status:
 You weren't hungry.
 You were unencumbered.
 You were wielding a mace.
 You had basic skill with mace.

Final Attributes:
 You were devoutly aligned.
 You had infravision.
 You were guarded.
 Your spell casting was enhanced by wearing a robe.
 You are dead.

Miscellaneous:
 You encountered 1 bones level.
 Total elapsed playing time was 57 minutes and 8 seconds.

Major events:
 Turn
    1: Arakanox the chaotic elven Priestess entered the dungeon
  863: entered the Gnomish Mines
 1006: attained the rank of Acolyte (level 3)
 1872: killed by a plains centaur

Spells:
 Name                 Level Category     Fail Retention
 detect monsters        1   divination     0%  76%-100%
 extra healing          3   healing       87%  76%-100%

Skills:
 Fighting Skills
   bare handed combat [Unskilled]
 Weapon Skills
   club               [Unskilled]
   mace               [Basic]
   morning star       [Unskilled]
   flail              [Unskilled]
   hammer             [Unskilled]
   quarterstaff       [Unskilled]
   polearms           [Unskilled]
   spear              [Unskilled]
   trident            [Unskilled]
   lance              [Unskilled]
   bow                [Unskilled]
   sling              [Unskilled]
   crossbow           [Unskilled]
   dart               [Unskilled]
   shuriken           [Unskilled]
   boomerang          [Unskilled]
   unicorn horn       [Unskilled]
 Spellcasting Skills
   healing spells     [Unskilled]
   divination spells  [Unskilled]
   clerical spells    [Basic]

Voluntary challenges:
 Character rerolling was not enabled.
 You followed a strict vegan diet.
 You were an atheist.
 You never genocided any monsters.
 You never polymorphed an object.
 You never changed form.
 You used no wishes.
Achievements:
 You entered the Gnomish Mines.
 You attained the rank of Acolyte.

 The Dungeons of Doom: levels 1 to 7
    Level 1:
    Level 2:
       A fountain.
    Level 3:
    Level 4:
       A fountain.
       Stairs down to The Gnomish Mines.
    Level 5:
       A fountain.
    Level 6:
       A sink.
    Level 7: <- You were here.
       Final resting place for
          you, killed by a plains centaur,
          yasdy-Tou-Hum-Fem-Neu, killed by a dwarf lord.
 The Gnomish Mines:
    Level 5:


Vanquished creatures:
  a gnome leader
  a paper golem
  3 rothes
  a rabid rat
  2 orc zombies
  2 acid blobs
  a hobbit
  3 manes
  a giant rat
  a green mold
  a gnome
  2 geckos
  3 jackals
  a fox
  a kobold
  2 goblins
  3 grid bugs
  a bat
  a lichen
  3 newts
34 creatures vanquished.

No species were genocided or became extinct.

Game over:
                       ----------
                      /          \
                     /    REST    \
                    /      IN      \
                   /     PEACE      \
                  /                  \
                  |     Arakanox     |
                  |      173 Au      |
                  |   killed by a    |
                  |  plains centaur  |
                  |                  |
                  |                  |
                  |       2026       |
                 *|     *  *  *      | *
        _________)/\\_//(\/(/\)/\//\/|_)_______

Goodbye Arakanox the Priestess...

You died in The Dungeons of Doom on dungeon level 7 with 752 points,
and 173 pieces of gold, after 1872 moves.
You were level 3 with a maximum of 24 hit points when you died.

